 Dungeon Crawl Stone Soup version 0.17-a0-1399-gd5b76e1 (webtiles) character file.

4313 Gronka the Protected (level 10, -1/88 HPs)
             Began as a Minotaur Fighter on June 19, 2015.
             Was a Believer of Fedhas.
             Splashed by a jelly's acid (11 damage)
             ... on level 8 of the Dungeon.
             The game lasted 00:19:43 (6236 turns).

Gronka the Protected (Minotaur Fighter)             Turns: 6236, Time: 00:19:44

Health: -1/88      AC:  6    Str: 27    XL:     10   Next: 11%
Magic:  3/3        EV:  9    Int:  5    God:    Fedhas [**....]
Gold:   420        SH: 12    Dex:  9    Spells: 0 memorised, 9 levels left

rFire  + . .     SeeInvis +     z - +10 hammer "Puun" {antimagic, Str+2 SInv}
rCold  x . .     Clarity  .     o - +0 chain mail
rNeg   . . .     SustAt   .     c - +0 shield
rPois  .         Gourm    .     (helmet restricted)
rElec  .         Spirit   .     (no cloak)
rCorr  .         Warding  .     (no gloves)
rMut   .         Stasis   .     (no boots)
MR     .....                    (no amulet)
Stlth  ..........               r - ring of fire
                                j - ring of flight

@: corroded equipment, very slightly contaminated, not resistant to hostile
enchantments, extremely unstealthy
A: retaliatory headbutt, horns 2
a: Evolution, Sunlight, Renounce Religion, Evoke Flight


You were on level 8 of the Dungeon.
You worshipped Fedhas.
Fedhas was pleased with you.
You were not hungry.

You visited 2 branches of the dungeon, and saw 9 of its levels.

You collected 420 gold pieces.

Inventory:

Hand weapons
 a - a +0 long sword
 x - a +0 falchion
 z - the +10 hammer "Puun" (weapon) {antimagic, Str+2 SInv}
   (You found it on level 4 of the Dungeon)

   It disrupts the flow of magical energy around spellcasters and certain
   magical creatures (including the wielder).
   It affects your strength (+2).
   It lets you see invisible.
 A - a +3 hammer of protection
Armour
 c - a +0 shield (worn)
 o - a +0 chain mail (worn)
Jewellery
 j - a ring of flight (left hand)
 r - a ring of fire (right hand)
 L - the ring of Midwinter {Ice Dex+6, unknown}
   (You found it on level 8 of the Dungeon)

   [ring of ice]

   It enhances your ice magic, and weakens your fire magic.
   It affects your dexterity (+6).
   It makes you vulnerable to fire.
   It protects you from cold.
 M - an uncursed ring of positive energy {unknown}
Magical devices
 B - a wand of flame (23)
Scrolls
 g - 2 scrolls of enchant weapon
 l - a scroll of fear
 u - a scroll of enchant armour {unknown}
 v - 3 scrolls of remove curse
 y - 2 scrolls of teleportation {unknown}
 C - a scroll of fog {unknown}
 E - 2 scrolls of identify
 G - a scroll of acquirement {unknown}
 K - a scroll of summoning {unknown}
Potions
 b - a potion of degeneration {unknown}
 d - a potion of might
 e - 2 potions of haste {unknown}
 f - a potion of cure mutation {unknown}
 h - a potion of magic {unknown}
 k - 5 potions of poison {unknown}
 n - 3 potions of curing
 p - a potion of ambrosia {unknown}
 q - a potion of mutation {unknown}
 s - 2 potions of heal wounds {unknown}
 t - 2 potions of agility {unknown}
 w - a potion of invisibility {unknown}
 D - 2 potions of brilliance {unknown}
 F - 2 potions of cancellation {unknown}
Books
 I - a book of Party Tricks

   Spells                             Type                      Level
   a - Summon Butterflies             Summoning                    1
   b - Apportation                    Translocation                1
   c - Tukima's Dance                 Hexes                        3
   d - Alistair's Intoxication        Transmutation/Poison         4
   e - Invisibility                   Hexes                        6
 J - a book of Maledictions

   Spells                             Type                      Level
   a - Corona                         Hexes                        1
   b - Ensorcelled Hibernation        Hexes/Ice                    2
   c - Confuse                        Hexes                        3
   d - Tukima's Dance                 Hexes                        3
   e - Dazzling Spray                 Conjuration/Hexes            3
Comestibles
 m - 3 meat rations
 H - 2 fruits


   Skills:
 + Level 7.9 Fighting
 + Level 6.2 Long Blades
 + Level 5.4 Maces & Flails
 + Level 10.0 Armour
 + Level 5.0 Dodging
 + Level 0.6 Stealth
 + Level 9.4 Shields


You had 9 spell levels left.
You didn't know any spells.

Dungeon Overview and Level Annotations

Branches:
Dungeon (8/15)             Temple (1/1) D:5            Lair (0/8) D:8

Altars:
Ashenzari
Cheibriados
Dithmenos
Elyvilon
Fedhas
Gozag
Kikubaaqudgha
Makhleb
Nemelex Xobeh
Okawaru
Qazlal
Ru
Sif Muna
Trog
Vehumet
Xom
Yredelemnul
Zin

Shops:
D:6 [


Innate Abilities, Weirdness & Mutations

You reflexively headbutt those who attack you in melee.
You have a pair of horns on your head.


Message History

You barely miss the giant frog skeleton.
Your headbutt misses the giant frog skeleton.
You block the giant frog skeleton's attack.
You barely miss the giant frog skeleton.
You headbutt the giant frog skeleton.
You block the giant frog skeleton's attack.
The phantom blinks!
The giant frog skeleton closely misses you.
You furiously retaliate!
You headbutt the giant frog skeleton, but do no damage.
You sock the giant frog skeleton!
You destroy the giant frog skeleton!
You thump the jelly! The acid corrodes you!
Your hands burn!
* * * LOW HITPOINT WARNING * * *
The jelly is almost dead.
The jelly hits you.
* * * LOW HITPOINT WARNING * * *
You are splashed with acid!
The acid burns!
You die...
Fedhas appreciates your contribution to the ecosystem.

... ... ..# #.#
#.# #.# ####.#
#..J@# #.####
##..###
###.....###
#......J..##
#.......P...##
#..........Y..##
###
#.......>.......#
#.# #..
#...............#
#.# #.#


You could see a jelly.

Vanquished Creatures
  An elephant (D:8)
  Prince Ribbit (D:5)
  A yak (D:8)
  A hungry ghost (D:7)
  Eustachio (D:4)
  2 orc warriors
  5 sky beasts
  An ice beast (D:7)
  2 ogres
  A black bear (D:6)
  A necrophage (D:5)
  A phantom (D:6)
  2 centaurs
  Blork the orc (D:5)
  A gnoll sergeant (D:8)
  4 giant frogs
  5 killer bees (D:7)
  A scorpion (D:5)
  6 crimson imps
  A giant frog zombie (D:7)
  A centaur zombie (D:7)
  2 centaur skeletons (D:7)
  2 hounds
  2 jellies
  7 orc wizards
  Crazy Yiuf (D:4)
  2 giant frog skeletons
  5 orc priests
  3 worker ants
  2 iguanas
  A sheep (D:8)
  A hound skeleton (D:6)
  6 adders
  9 gnolls
  2 shadow imps
  3 oozes
  3 worms
  3 giant geckos
  22 orcs
  A bat zombie (D:5)
  3 giant cockroaches
  12 goblins
  16 hobgoblins
  14 kobolds
  A quokka (D:3)
  2 ball pythons
  19 bats
  5 giant newts
  6 jackals
  A jackal skeleton (D:3)
  16 rats
212 creatures vanquished.

Vanquished Creatures (others)
  86 toadstools
86 creatures vanquished.

Grand Total: 298 creatures vanquished

Notes
Turn   | Place    | Note
--------------------------------------------------------------
     0 | D:1      | Gronka the Minotaur Fighter began the quest for the Orb.
     0 | D:1      | Reached XP level 1. HP: 19/19 MP: 0/0
   159 | D:1      | Reached XP level 2. HP: 27/27 MP: 1/1
   189 | D:1      | Reached skill level 4 in Shields
   369 | D:1      | Reached XP level 3. HP: 33/33 MP: 2/2
  1060 | D:2      | Reached XP level 4. HP: 36/40 MP: 3/3
  1262 | D:3      | Noticed a giant frog
  1266 | D:3      | Killed a giant frog
  1266 | D:3      | Reached skill level 1 in Dodging
  1266 | D:3      | Reached skill level 5 in Shields
  1288 | D:3      | Found an ancient bone altar of Kikubaaqudgha.
  1386 | D:3      | Reached XP level 5. HP: 47/47 MP: 4/4
  1611 | D:3      | Found a faded altar to an unknown god.
  1853 | D:4      | Reached XP level 6. HP: 32/53 MP: 5/5
  2020 | D:4      | Reached skill level 5 in Armour
  2072 | D:4      | Noticed Eustachio
  2142 | D:4      | Killed Eustachio
  2142 | D:4      | Reached skill level 6 in Shields
  2142 | D:4      | Reached XP level 7. HP: 36/60 MP: 6/6
  2351 | D:4      | Got an iridescent hammer
  2352 | D:4      | Identified the +10 hammer "Puun" {antimagic, Str+2 SInv} (You found it on level 4 of the Dungeon)
  2355 | D:4      | Noticed Crazy Yiuf
  2362 | D:4      | Killed Crazy Yiuf
  2362 | D:4      | Reached skill level 5 in Fighting
  2362 | D:4      | Reached skill level 5 in Long Blades
  2646 | D:5      | Entered Level 5 of the Dungeon
  2646 | D:5      | Noticed Blork the orc
  2657 | D:5      | Killed Blork the orc
  2828 | D:5      | Noticed Prince Ribbit
  2840 | D:5      | Killed Prince Ribbit
  2840 | D:5      | Reached skill level 1 in Maces & Flails
  2840 | D:5      | Reached skill level 7 in Shields
  2840 | D:5      | Reached XP level 8. HP: 28/69 MP: 2/7
  3190 | D:5      | Found a sparkling altar of Nemelex Xobeh.
  3201 | D:5      | Found a white marble altar of Elyvilon.
  3212 | D:5      | Found a staircase to the Ecumenical Temple.
  3220 | Temple   | Entered the Ecumenical Temple
  3233 | Temple   | Became a worshipper of Fedhas Madash
  3670 | D:5      | Found an opulent altar of Gozag.
  3683 | D:5      | Found a shattered altar of Ashenzari.
  3933 | D:6      | Reached skill level 8 in Armour
  4231 | D:6      | Reached XP level 9. HP: 58/77 MP: 2/8
  4515 | D:6      | Found an iron altar of Okawaru.
  4742 | D:6      | Found Zast's Armour Emporium.
  4774 | D:6      | Reached skill level 9 in Armour
  4775 | D:6      | Acquired Fedhas's first power
  5360 | D:7      | Found a staircase to the Ecumenical Temple.
  5398 | D:7      | Found a stormy altar of Qazlal.
  5904 | D:7      | Acquired Fedhas's second power
  6128 | D:8      | Reached skill level 5 in Maces & Flails
  6145 | D:8      | Got a sparkling steel ring
  6185 | D:8      | Found a staircase to the Lair.
  6186 | D:8      | Noticed an elephant
  6202 | D:8      | Reached XP level 10. HP: 17/88 MP: 3/9
  6229 | D:8      | Killed an elephant
  6229 | D:8      | Reached skill level 10 in Armour
  6229 | D:8      | Reached skill level 5 in Dodging
  6236 | D:8      | Splashed by a jelly's acid

Vault maps used:
D:1:      minmay_arrival_doors
D:3:      lemuel_doored_altar, ecumenical_altar_1, amethyst_killhole
D:4:      uniq_crazy_yiuf_cottage, uniq_eustachio
D:5:      nicolae_overflow_quartered_altars, minmay_temple_entry_hall,
          first_bread, uniq_blork_the_orc, uniq_prince_ribbit1
D:6:      okawaru_metal_pillars_1_2, serial_shops, shop
D:7:      minmay_temple_entry_overgrown, grunt_qazlal_clouds
D:8:      nicolae_tso_swordbearing_angel, david_lair_generic, serial_shops,
          shop, gup_ossuary_entry_pyramid, kennysheep_doodads
Temple:   eino_temple_water_12

Action                   |  1- 3 |  4- 6 |  7- 9 | 10-12 || total
-------------------------+-------+-------+-------+-------++-------
Melee: Long sword        |   107 |   147 |       |       ||   254
       Hammer            |       |       |   305 |    16 ||   321
       Falchion          |       |       |     3 |       ||     3
  Use: Potion            |       |     1 |     3 |     1 ||     5
       Scroll            |       |       |     6 |     1 ||     7
  Eat: Bread ration      |     1 |       |     3 |       ||     4
       Beef jerky        |       |       |     1 |       ||     1
